 Dungeon Crawl Stone Soup version 0.30-a0-137-gd8773701ce (webtiles) character file.

Game seed: 12414752012063997924

13967 rageheart7 the Warrior (level 11, 0/102 HPs)
             Began as a Demonspawn Fighter on Sept 22, 2022.
             Was a Believer of Makhleb.
             Killed from afar by a will-o-the-wisp (25 damage)
             ... with a foxfire
             ... on level 2 of the Lair of Beasts.
             The game lasted 00:25:28 (15531 turns).

rageheart7 the Warrior (Demonspawn Fighter)        Turns: 15531, Time: 00:25:29

Health: 0/102      AC: 15    Str: 34    XL:     11   Next: 82%
Magic:  13/13      EV:  9    Int:  5    God:    Makhleb [**....]
Gold:   744        SH: 19    Dex: 12    Spells: 10/10 levels left

rFire   . . .      SeeInvis .    v - +0 trident (freeze)
rCold   . . .      Faith    .    t - +3 kite shield
rNeg    + . .      Spirit   .    r - +2 ring mail {rN+}
rPois   .          Reflect  +    (helmet restricted)
rElec   .          Harm     .    e - +0 cloak
rCorr   .          Rampage  .    (no gloves)
Will    .....      Clarity  +    o - +2 pair of boots
Stlth   +.........               n - amulet of reflection
HPRegen 0.27/turn                b - +6 ring of strength
MPRegen 0.13/turn                p - +6 ring of strength

@: no status effects
A: antennae 2, demonic guardian 2, ignite blood 1, sharp scales 2, clarity,
dopey 2
a: Renounce Religion, Minor Destruction


You were on level 2 of the Lair of Beasts.
You worshipped Makhleb.
Makhleb was pleased with you.
You visited 3 branches of the dungeon, and saw 14 of its levels.

You collected 744 gold pieces.

Inventory:

Hand Weapons
 v - a +0 trident of freezing (weapon)
Missiles
 s - 3 throwing nets (quivered)
Armour
 e - a +0 cloak (worn)
 o - a +2 pair of boots (worn)
 r - a +2 ring mail of positive energy (worn)
 t - a +3 kite shield (worn)
Jewellery
 b - a +6 ring of strength (left hand)
 n - an amulet of reflection (around neck)
 p - a +6 ring of strength (right hand)
 w - a ring of willpower
Wands
 a - a wand of flame (41)
 x - a wand of polymorph (5)
 C - a wand of mindburst (10)
Scrolls
 g - 2 scrolls of fear
 z - 2 scrolls of teleportation
Potions
 c - a potion of haste {unknown}
 d - 2 potions of heal wounds
 f - 3 potions of lignification
 h - a potion of ambrosia {unknown}
 i - a potion of resistance
 j - 5 potions of berserk rage
 k - a potion of cancellation {unknown}
 l - 4 potions of flight {unknown}
 q - a potion of curing
 u - 2 potions of might
 B - 3 potions of brilliance {unknown}


   Skills:
 - Level 15.0 Fighting
 - Level 1.7 Maces & Flails
 * Level 2.4 Polearms
 + Level 7.1 Armour
 - Level 11.9 Shields
 + Level 3.4 Invocations


You had 10 spell levels left.
You didn't know any spells.
Your spell library contained the following spells:

 Spells                   Type           Power      Damage    Failure   Level
 Necrotise                Necr           0%         1d4       82%         1
 Summon Small Mammal      Summ           0%         N/A       82%         1
 Ensorcelled Hibernation  Hex/Ice        0%         N/A       91%         2
 Call Canine Familiar     Summ           0%         N/A       99%         3
 Confusing Touch          Hex            0%         N/A       99%         3
 Dazzling Flash           Conj/Hex       0%         N/A       99%         3
 Ignite Poison            Fire/Tmut/Pois 0%         N/A       99%         3
 Mephitic Cloud           Conj/Pois/Air  0%         N/A       99%         3
 Ozocubu's Armour         Ice            0%         N/A       99%         3
 Spider Form              Tmut/Pois      0%         N/A       99%         3
 Summon Guardian Golem    Hex/Summ       0%         N/A       99%         3
 Vampiric Draining        Necr           0%         2d6       99%         3
 Anguish                  Hex/Necr       0%         N/A       100%        4
 Animate Dead             Necr           0%         N/A       100%        4
 Iskenderun's Mystic Bla  Conj/Tloc      0%         2d3       100%        4
 Agony                    Necr           0%         N/A       100%        5
 Freezing Cloud           Conj/Ice/Air   0%         6-21      100%        5
 Metabolic Englaciation   Hex/Ice        0%         N/A       100%        5
 Yara's Violent Unravell  Hex/Tmut       0%         3d3       100%        5
 Simulacrum               Ice/Necr       0%         N/A       100%        6
 Starburst                Conj/Fire      0%         6d3       100%        6
 Enfeeble                 Hex            0%         N/A       100%        7
 Haunt                    Necr/Summ      0%         N/A       100%        7
 Infestation              Necr           0%         N/A       100%        8


Dungeon Overview and Level Annotations

Branches:
Dungeon (11/15)            Temple (1/1) D:6            Lair (2/5) D:9
  Swamp (0/4) Lair:2          Orc (0/2) D:10
  Snake: Lair:2-3    Spider: Lair:2-3

Altars:
Ashenzari
Cheibriados
Dithmenos
Fedhas
Gozag
Hepliaklqana
Kikubaaqudgha
Makhleb
Nemelex Xobeh
Okawaru
Qazlal
Ru
Sif Muna
Trog
Uskayaw
Vehumet
Wu Jian
Xom
Yredelemnul

Shops:
D:1 !   D:2 (   D:4 [


Innate Abilities, Weirdness & Mutations

You have a pair of antennae on your head.
A demonic guardian rushes to your aid.
Your demonic aura sometimes causes spilled blood to erupt in flames.
You are mostly covered in razor-sharp scales. (AC +2, Slay +2)
You possess an exceptional clarity of mind.
You are very dopey. (Int -4)


Message History

The boulder beetle is almost dead.
You block the boulder beetle's attack. The boulder beetle bites you!
You hit the boulder beetle but do no damage.
The boulder beetle is almost dead.
You block the boulder beetle's attack.
You hit the boulder beetle. You freeze the boulder beetle.
The boulder beetle is almost dead.
You block the boulder beetle's attack.
You hit the boulder beetle. You freeze the boulder beetle.
The boulder beetle is almost dead.
The boulder beetle leaps!
You puncture the boulder beetle! You freeze the boulder beetle.
You kill the boulder beetle!
Makhleb accepts your kill.
You feel better.
Your Polearms skill increases to level 2!
Your Invocations skill increases to level 3!
No target in view!
No target in view!
You now have 744 gold pieces (gained 14).
A will-o-the-wisp comes into view.
Found a staircase to the Swamp.
The will-o-the-wisp gives a chilling moan.
The will-o-the-wisp gestures.
The will-o-the-wisp conjures some foxfire! 2 foxfires come into view.
There are monsters nearby!
There are monsters nearby!
The foxfire hits you!!
You closely miss the foxfire. The foxfire hits you!!
You reach to attack!
You barely miss the will-o-the-wisp.
The will-o-the-wisp gestures.
The will-o-the-wisp conjures some foxfire!
The will-o-the-wisp gestures.
The will-o-the-wisp conjures some foxfire! 4 foxfires come into view.
You reach to attack!
You barely miss the will-o-the-wisp. The foxfire hits you! x3
* * * LOW HITPOINT WARNING * * *
The foxfire hits you!!
You die...

... ###...
#§§..#####..### #...
#~§~..........# #.#+
#§§...........## ####...
#§§~...........###.##...
§§§...§.......#.........
#.§v§§.....+..P###....
#.§§§§.....##### ##...
#..§v@.....## #...
+...........# #...
#..........## #...
#P.##P.#.### #P## ###
###### ###


You could see a will-o-the-wisp.

Vanquished Creatures
  A boulder beetle (Lair:2)
  Pikel (D:7)
  A black mamba (Lair:1)
  A cane toad (Lair:1)
  The ghost of Jeffwins the Firebug, a novice HuWn of Vehumet (D:4)
  4 komodo dragons
  A kobold demonologist (D:9)
  An unseen horror (D:10)
  2 trolls
  Prince Ribbit (D:7)
  A hornet (D:9)
  5 blink frogs (Lair:1)
  3 wyverns
  6 yaks (Lair:1)
  2 wraiths
  4 vampire mosquitoes
  A steam dragon (D:8)
  Menkaure (D:7)
  4 water moccasins
  A sky beast (D:7)
  4 orc warriors
  4 black bears
  An ice beast (D:5)
  3 ogres (D:5)
  4 centaurs
  4 wolves (Lair:2)
  A phantom (D:6)
  3 lemures (D:7)
  2 kobold brigands
  6 bullfrogs
  2 gnoll sergeants
  A necrophage (D:6)
  2 scorpions
  4 wights (D:6)
  An electric eel (Lair:1)
  6 howler monkeys (D:10)
  A spectral bullfrog (D:6)
  2 bullfrog zombies (D:6)
  4 hounds
  4 jellies
  10 orc priests
  3 gnoll boudas
  5 iguanas
  6 orc wizards
  A centaur simulacrum (D:6)
  Robin (D:3)
  23 gnolls
  6 adders
  A shadow imp (D:6)
  A white imp (D:6)
  2 ufetubi (D:4)
  A worm (D:2)
  2 dart slugs
  23 orcs
  9 ball pythons
  8 endoplasms
  5 giant cockroaches
  12 goblins
  9 hobgoblins
  6 quokkas
  2 bats (D:3)
  4 frilled lizards
  14 kobolds
  4 rats
259 creatures vanquished.

Vanquished Creatures (collateral kills)
  Joseph (D:7)
  Maggie (D:7)
  A komodo dragon (D:9)
  3 wolves (Lair:1)
  An ogre (D:7)
  A lemure (D:7)
  A necrophage (D:4)
  3 gnolls (D:6)
  A quokka (D:4)
13 creatures vanquished.

Vanquished Creatures (others)
  A hornet (D:8)
  2 orcs (D:8)
  5 foxfires (Lair:2)
  9 fungi
  21 plants
  12 withered plants (D:6)
50 creatures vanquished.

Grand Total: 322 creatures vanquished

Notes
Turn   | Place    | Note
-------+----------+-------------------------------------------
     0 | D:1      | rageheart7 the Demonspawn Fighter began the quest for the
                  | Orb.
     0 | D:1      | Reached XP level 1. HP: 18/18 MP: 1/1
   656 | D:1      | Gained mutation: You are partially covered in razor-sharp
                  | scales. (AC +1, Slay +1) [demonic ancestry]
   656 | D:1      | Reached XP level 2. HP: 21/24 MP: 2/2
  1011 | D:1      | Reached skill level 4 in Fighting
  1152 | D:1      | Found Bostrurgho's Distillery.
  1606 | D:2      | Gained mutation: A weak demonic guardian rushes to your
                  | aid. [demonic ancestry]
  1606 | D:2      | Reached XP level 3. HP: 20/30 MP: 3/3
  1876 | D:2      | Found Osull's Weapon Shop.
  2155 | D:2      | Found a shadowy altar of Dithmenos.
  2477 | D:3      | Gained mutation: You have a pair of small antennae on your
                  | head. [demonic ancestry]
  2477 | D:3      | Reached XP level 4. HP: 38/38 MP: 4/4
  2521 | D:3      | Reached skill level 5 in Fighting
  2650 | D:3      | Reached skill level 6 in Fighting
  2650 | D:3      | Gained mutation: You have a pair of antennae on your head.
                  | [demonic ancestry]
  2650 | D:3      | Reached XP level 5. HP: 44/46 MP: 5/5
  2767 | D:3      | Noticed Robin
  2783 | D:3      | Killed Robin
  3510 | D:4      | Reached XP level 6. HP: 36/53 MP: 6/6
  3649 | D:4      | Reached skill level 7 in Fighting
  3736 | D:4      | Found a transporter.
  3820 | D:4      | Noticed Jeffwins's ghost (novice HuWn)
  3831 | D:4      | Found a transporter.
  3835 | D:4      | Found a bloodstained altar of Trog.
  3911 | D:4      | Found Vaucwa's Antique Armour Boutique.
  4051 | D:4      | Reached skill level 8 in Fighting
  4404 | D:5      | Entered Level 5 of the Dungeon
  4404 | D:5      | Noticed an orc warrior
  4426 | D:5      | Gained mutation: Your demonic aura sometimes causes spilled
                  | blood to erupt in flames. [demonic ancestry]
  4426 | D:5      | Reached XP level 7. HP: 62/62 MP: 7/7
  4556 | D:5      | Reached skill level 9 in Fighting
  4600 | D:5      | Found a shadowy altar of Dithmenos.
  4751 | D:5      | Reached XP level 8. HP: 72/72 MP: 8/8
  4767 | D:5      | Reached skill level 10 in Fighting
  5002 | D:5      | Found a hide-covered altar of Uskayaw.
  5615 | D:6      | Reached skill level 11 in Fighting
  5617 | D:6      | Found a basalt altar of Yredelemnul.
  5630 | D:6      | Found a broken altar of Ashenzari.
  6046 | D:6      | Found the +4 dagger "Morg" {pain, Will+ Int+5}
  6072 | D:6      | Reached skill level 12 in Fighting
  6075 | D:6      | Gained mutation: A demonic guardian rushes to your aid.
                  | [demonic ancestry]
  6075 | D:6      | Reached XP level 9. HP: 58/80 MP: 9/9
  6963 | D:6      | Found a staircase to the Ecumenical Temple.
  6974 | Temple   | Entered the Ecumenical Temple
  7066 | Temple   | Became a worshipper of Makhleb the Destroyer
  7232 | D:4      | Gained mutation: You are clumsy. (Dex -2) [potion of
                  | mutation]
  7232 | D:4      | Gained mutation: You are robust. (+10% HP) [potion of
                  | mutation]
  7233 | D:4      | Lost mutation: You are clumsy. (Dex -2) [potion of
                  | mutation]
  7233 | D:4      | Lost mutation: You are robust. (+10% HP) [potion of
                  | mutation]
  7233 | D:4      | Gained mutation: You are dopey. (Int -2) [potion of
                  | mutation]
  7233 | D:4      | Gained mutation: You are very dopey. (Int -4) [potion of
                  | mutation]
  7233 | D:4      | Gained mutation: You possess an exceptional clarity of
                  | mind. [potion of mutation]
  7258 | D:4      | Reached skill level 1 in Invocations
  7284 | D:4      | Killed Jeffwins's ghost
  7285 | D:4      | Reached skill level 13 in Fighting
  7540 | D:7      | Noticed Menkaure
  7546 | D:7      | Killed Menkaure
  7546 | D:7      | Noticed Joseph
  7555 | D:7      | Noticed Maggie
  7560 | D:7      | Killed Joseph
  7569 | D:7      | Killed Maggie
  7570 | D:7      | Reached skill level 5 in Shields
  7624 | D:7      | Noticed Prince Ribbit
  7631 | D:7      | Killed Prince Ribbit
  8103 | D:7      | Reached XP level 10. HP: 92/92 MP: 11/11
  8286 | D:7      | Noticed Pikel
  8451 | D:7      | Killed Pikel
  9010 | D:8      | Found a bloodstained altar of Trog.
  9301 | D:8      | Paralysed by a hornet for 2 turns
  9704 | D:8      | Paralysed by a hornet for 3 turns
  9708 | D:8      | Paralysed by a hornet for 3 turns
  9727 | D:8      | Reached skill level 14 in Fighting
 10800 | D:9      | Reached * piety under Makhleb
 10892 | D:9      | Reached skill level 5 in Armour
 11243 | D:9      | Found a staircase to the Lair.
 12095 | D:9      | Found a blossoming altar of Fedhas.
 12207 | D:10     | Entered Level 10 of the Dungeon
 12542 | D:10     | Gained mutation: You are mostly covered in razor-sharp
                  | scales. (AC +2, Slay +2) [demonic ancestry]
 12542 | D:10     | Reached XP level 11. HP: 100/101 MP: 12/12
 12716 | D:10     | Reached ** piety under Makhleb
 12867 | D:10     | Found a staircase to the Orcish Mines.
 13101 | D:10     | Found a shimmering blue altar of Sif Muna.
 13335 | D:11     | Noticed a boulder beetle
 13335 | D:11     | Noticed a boulder beetle
 13347 | D:10     | Reached skill level 10 in Shields
 13415 | D:11     | Noticed a purple ugly thing
 13461 | Lair:1   | Entered Level 1 of the Lair of Beasts
 13722 | Lair:1   | Reached skill level 15 in Fighting
 15071 | Lair:2   | Reached skill level 1 in Polearms
 15339 | Lair:2   | Noticed a boulder beetle
 15404 | Lair:2   | Killed a boulder beetle
 15526 | Lair:2   | Found a staircase to the Swamp.
 15531 | Lair:2   | Killed from afar by a will-o-the-wisp

Illustrated notes

Levels and vault maps discovered:
D:1:      dpeg_arrival_snail, layout_basic, serial_shops,
          nicolae_shop_behind_doors, chequers_serial_rivers_micro_d
D:2:      layout_basic, serial_shops, shop, basic_altar, minmay_misc_feat_tiny,
          wander_ebering_terrifying_dragon_lair
D:3:      cheibrodos_pilgrimage, layout_basic, uniq_robin
D:4:      layout_loops_ring, trog_three_pillars_becter, serial_shops,
          nicolae_inconvenience_store, gammafunk_ghost_gnarly_gnolls,
          minivault_11
D:5:      layout_basic, nicolae_uskayaw_murder_on_the_dancefloor,
          mainiacjoe_overflow_surrounded_room, st_stairs_11,
          nicolae_zen_rock_garden
D:6:      layout_loops_ring, mainiacjoe_overflow_catwalk_spiral,
          lemuel_temple_firewalk_b, dilly_guarded_unrand_morg
D:7:      layout_loops_corners, minmay_quadrilaterals, uniq_joseph,
          uniq_menkaure, uniq_pikel, uniq_maggie, uniq_prince_ribbit1
D:8:      layout_layer_cave, david_defended_altar_orc
D:9:      layout_gridville, kennysheep_little_box, zin_treasury,
          lemuel_round_altar, grunt_lair_entry_orc_guard_hut
D:10:     layout_loops_ring, lemuel_blue_sif_altar, orc_0_dummy
D:11:     layout_basic
Temple:   nicolae_temple_god_jail
Lair:1:   layout_cave_pods, serial_bayou_ford_a, st_stairs_7, grunt_megastairs_3
Lair:2:   layout_roguey, minmay_swamp_entry_wisps,
          chequers_serial_rivers_room_a, lemuel_fruit_fields,
          infiniplex_staircase_pool_2

Skill      XL: |  1  2  3  4  5  6  7  8  9 10 11 |
---------------+----------------------------------+-----
Fighting       | 4 6 8 9 12 13 14 15 | 15.0
Invocations    | 2 3 |  3.4
Armour         | 4 5 7 |  7.1
Shields        | 5 9 11 | 11.9
Polearms       | 2 |  2.4
Maces & Flails | |  1.7

Action                   |  1- 3 |  4- 6 |  7- 9 | 10-12 || total
-------------------------+-------+-------+-------+-------++-------
Melee: Flail             |   125 |    70 |       |       ||   195
       Mace              |       |    40 |   210 |   115 ||   365
       Spear             |       |       |    42 |    57 ||    99
       Trident           |       |       |       |   296 ||   296
Throw: Throwing net      |       |       |     1 |       ||     1
Invok: Minor Destruction |       |       |       |     1 ||     1
Evoke: Wand              |       |       |       |    10 ||    10
  Use: Scroll            |     3 |     3 |     2 |    13 ||    21
       Potion            |       |     2 |     5 |     4 ||    11
 Stab: Invisible         |       |       |     1 |       ||     1
Armor: Scale mail        |    41 |    49 |    33 |       ||   123
       Ring mail         |       |       |    64 |   166 ||   230
Dodge: Dodged            |    55 |    46 |    94 |   153 ||   348
Block: Buckler           |    22 |    54 |   101 |       ||   177
       Reflection        |       |       |     5 |    14 ||    19
       Kite shield       |       |       |    32 |   484 ||   516

Table legend: (Time is in decaauts)
 A = Elapsed time spent in this place.
 B = Non-inter-level travel time spent in this place.
 C = Inter-level travel time spent in this place.
 D = Time resting spent in this place.
 E = Time spent auto-exploring this place.
 F = Levels seen in this place.
 G = Mean time per level.
                   A        B        C        D        E       F      G
               +--------+--------+--------+--------+--------+-----+--------+
         Total |  15923 |  15228 |    695 |    400 |  12274 |  14 | 1137.4 |
       Dungeon |  13662 |  13050 |    612 |    400 |  10518 |  11 | 1242.0 |
        Temple |    108 |     93 |     15 |      0 |     47 |   1 |  108.0 |
          Lair |   2152 |   2085 |     67 |      0 |   1709 |   2 | 1076.0 |
               +--------+--------+--------+--------+--------+-----+--------+

Top non-repeatable levels by time:
     D:8: 1852 daAuts
     D:6: 1630 daAuts
     D:9: 1594 daAuts
  Lair:1: 1586 daAuts
     D:1: 1427 daAuts
     D:4: 1374 daAuts
     D:7: 1361 daAuts
    D:10: 1234 daAuts
     D:5: 1162 daAuts
     D:2: 1073 daAuts
     D:3: 916 daAuts
  Lair:2: 565 daAuts
  Temple: 108 daAuts
    D:11: 35 daAuts
